 Dungeon Crawl Stone Soup version 0.28.0-49-g6dfe1f597d (webtiles) character file.

Game seed: 16164855991769696487

151 issech the Cudgeller (level 5, -4/53 HPs)
             Began as a Troll Monk on May 12, 2022.
             Slain by Grinder (13 damage)
             ... on level 3 of the Dungeon.
             The game lasted 00:05:25 (2235 turns).

issech the Cudgeller (Troll Monk)                   Turns: 2235, Time: 00:05:26

Health: -4/53      AC:  6    Str: 19    XL:     5   Next: 11%
Magic:  4/4        EV: 10    Int:  6    God:
Gold:   72         SH:  0    Dex: 14    Spells: 4/4 levels left

rFire   . . .      SeeInvis .   a - +0 mace
rCold   . . .      Faith    .   (no shield)
rNeg    . . .      Spirit   .   b - +0 robe
rPois   .          Reflect  .   (helmet restricted)
rElec   .          Harm     .   q - +1 cloak
rCorr   .          Rampage  .   (gloves unavailable)
Will    .....                   (boots unavailable)
Stlth   ++........              (no amulet)
HPRegen 0.97/turn               (no ring)
MPRegen 0.09/turn               (no ring)

@: no status effects
A: large, unfitting armour, claws 3, regeneration 1, shaggy fur 1, tough skin 1
a: no special abilities


You were on level 3 of the Dungeon.
You visited 1 branch of the dungeon, and saw 3 of its levels.

You collected 72 gold pieces.

Inventory:

Hand Weapons
 a - a +0 mace (weapon)
Missiles
 c - 100 stones (quivered)
 f - 35 sling bullets
 i - 32 bolts
 m - 61 arrows
 n - 4 curare-tipped darts
 p - 5 poisoned darts
Armour
 b - a +0 robe (worn)
 q - a +1 cloak (worn)
Scrolls
 d - 3 scrolls of summoning {unknown}
 e - 2 scrolls of teleportation {unknown}
 g - a scroll of fear {unknown}
 s - a scroll of identify {unknown}
 u - a scroll of vulnerability {unknown}
Potions
 h - a potion of mutation {unknown}
 j - a potion of heal wounds {unknown}
 k - 2 potions of brilliance {unknown}
 l - a potion of flight {unknown}
 o - a potion of cancellation {unknown}
 r - a potion of might
 t - 3 potions of curing {unknown}


   Skills:
 + Level 3.1 Fighting
 + Level 4.0 Maces & Flails
 + Level 0.5 Throwing
 + Level 3.1 Dodging
 + Level 1.1 Stealth


You had 4 spell levels left.
You didn't know any spells.
Your spell library contained the following spells:

 Spells                   Type           Power      Damage    Failure   Level
 Slow                     Hex            0%         N/A       45%         1
 Scorch                   Fire           0%         2d5       58%         2
 Confusing Touch          Hex            0%         N/A       83%         3
 Vampiric Draining        Necr           0%         2d6       83%         3
 Flame Wave               Conj/Fire      0%         2d4       99%         4
 Summon Cactus Giant      Summ           0%         N/A       100%        6


Dungeon Overview and Level Annotations

Branches:
Dungeon (3/15)

Altars:

Annotations:
D:3 Grinder


Innate Abilities, Weirdness & Mutations

You are too large for most types of armour.
You have claws for hands.
Your natural rate of healing is unusually fast.
You are covered in fur. (AC +1)
You have tough skin. (AC +1)


Message History

You thump Grinder!
Grinder is moderately wounded.
Grinder gestures at you. Pain shoots through your body!
You sock Grinder!
Grinder is heavily wounded.
Grinder hits you.
You writhe in agony.
You closely miss Grinder.
Grinder is heavily wounded.
Grinder hits you.
You writhe in agony.
You closely miss Grinder.
Grinder is heavily wounded.
Grinder gestures at you.
You barely resist. Grinder hits you.
You closely miss Grinder.
Grinder is heavily wounded.
Grinder hits you.
You writhe in agony.
Unknown command.
You hit Grinder but do no damage.
Grinder is heavily wounded.
Grinder gestures at you.
You suddenly lose the ability to move!
Grinder hits you!
You writhe in agony.
You can move again.
You hit Grinder but do no damage.
Grinder is heavily wounded.
Grinder hits you!
* * * LOW HITPOINT WARNING * * *
You writhe in agony.
* * * LOW HITPOINT WARNING * * *
You hit Grinder.
Grinder is severely wounded.
Grinder hits you.
* * * LOW HITPOINT WARNING * * *
You writhe in agony.
* * * LOW HITPOINT WARNING * * *
You hit Grinder but do no damage.
Grinder is severely wounded.
Grinder barely misses you. Grinder hits you!
You die...

#.#.##......#####
..#.##..##### ###
###.##.## #..
#.##.# #(# #.##.#
#.# ###.##.# #.#
.......### #.#
###......#######5#
######.<......@#
###########


You could see Grinder (strong).

Vanquished Creatures
  A hound (D:3)
  Robin (D:3)
  2 adders (D:3)
  A white imp (D:3)
  3 worms
  5 orcs
  3 ball pythons
  3 bats
  3 endoplasms
  A giant cockroach (D:1)
  10 goblins
  7 hobgoblins
  10 jackals
  7 kobolds
  2 quokkas
  4 rats (D:1)
63 creatures vanquished.

Notes
Turn   | Place    | Note
-------+----------+-------------------------------------------
     0 | D:1      | issech the Troll Monk began the quest for the Orb.
     0 | D:1      | Reached XP level 1. HP: 22/22 MP: 0/0
    69 | D:1      | Reached XP level 2. HP: 29/29 MP: 1/1
   125 | D:1      | Reached skill level 3 in Maces & Flails
   302 | D:1      | Reached XP level 3. HP: 36/36 MP: 2/2
   467 | D:1      | Found a faded altar of an unknown god.
  1546 | D:3      | Reached XP level 4. HP: 43/45 MP: 3/3
  1815 | D:3      | Noticed Robin
  1826 | D:3      | Killed Robin
  1834 | D:3      | Reached skill level 4 in Maces & Flails
  1866 | D:3      | Reached XP level 5. HP: 28/53 MP: 4/4
  2216 | D:3      | Noticed Grinder
  2218 | D:3      | Paralysed by Grinder for 5 turns
  2231 | D:3      | Paralysed by Grinder for 2 turns
  2235 | D:3      | Slain by Grinder

Illustrated notes

Levels and vault maps discovered:
D:1:      pf_arrival_petrified_forest, layout_basic,
          ebering_ecumenical_altar_abandoned, minmay_pentomino_z2
D:2:      layout_basic
D:3:      layout_loops_ring, minivault_27, uniq_grinder, uniq_robin

Skill      XL: |  1  2  3  4 |
---------------+-------------+-----
Maces & Flails | 3 4 |  4.0
Fighting       | 3 |  3.1
Dodging        | 3 |  3.1
Throwing       | |  0.5
Stealth        | |  1.1

Action                   |  1- 3 |  4- 6 || total
-------------------------+-------+-------++-------
Melee: Mace              |   146 |    95 ||   241
       Punch             |     5 |     1 ||     6
Throw: Stone             |    11 |     2 ||    13
 Stab: Sleeping          |     1 |       ||     1
Armor: Robe              |    71 |    38 ||   109
Dodge: Dodged            |   107 |    45 ||   152
